 Dungeon Crawl Stone Soup version 0.23.2 (webtiles) character file.

Game seed: 18430211962494150996

495 Borgoz the Cutter (level 7, -3/42 HPs)
             Began as a Gargoyle Gladiator on Apr 8, 2019.
             Slain by a centaur (5 damage)
             ... on level 5 of the Dungeon.
             The game lasted 00:04:32 (3917 turns).

Borgoz the Cutter (Gargoyle Gladiator)              Turns: 3917, Time: 00:04:33

Health: -3/42      AC:  9    Str: 17    XL:     7   Next: 15%
Magic:  7/7        EV: 13    Int:  9    God:
Gold:   273        SH:  0    Dex: 13    Spells: 6/6 levels left

rFire    . . .     SeeInvis .   i - +4 dagger (venom)
rCold    . . .     Gourm    .   (no shield)
rNeg     + . .     Faith    .   b - +0 leather armour
rPois    ∞         Spirit   .   c - +0 helmet
rElec    +         Reflect  .   (no cloak)
rCorr    .         Harm     .   (no gloves)
MR       .....                  (no boots)
Stlth    ++........             (no amulet)
HPRegen  0.14/turn              (no ring)
MPRegen  0.10/turn              (no ring)

@: flying
A: negative energy resistance 1, electricity resistance, unbreathing,
petrification resistance, rot immunity, AC +4
a: no special abilities


You were on level 5 of the Dungeon.
You were near starving.

You visited 1 branch of the dungeon, and saw 5 of its levels.
You also visited: Sewer.

You collected 273 gold pieces.

Inventory:

Hand Weapons
 a - a +0 rapier
 i - a +4 dagger of venom (weapon)
Missiles
 d - 2 throwing nets (quivered)
Armour
 b - a +0 leather armour (worn)
 c - a +0 helmet (worn)
Jewellery
 j - an uncursed ring of protection from fire {unknown}
 m - an uncursed ring of ice {unknown}
Wands
 v - a wand of digging (7)
Scrolls
 e - 3 scrolls of blinking {unknown}
 g - 6 scrolls of identify {unknown}
 h - 2 scrolls of random uselessness {unknown}
 k - 2 scrolls of enchant armour {unknown}
 o - a scroll of fear {unknown}
 p - 2 scrolls of teleportation {unknown}
 q - a scroll of magic mapping {unknown}
 s - a scroll of fog {unknown}
 t - 3 scrolls of remove curse {unknown}
Potions
 l - 4 potions of flight
 n - 2 potions of agility {unknown}
 r - 2 potions of berserk rage {unknown}
 u - a potion of haste {unknown}
 w - a potion of magic {unknown}
 x - 4 potions of curing {unknown}
 z - a potion of heal wounds {unknown}
 B - a potion of lignification {unknown}
Comestibles
 f - 9 rations


   Skills:
 + Level 3.7 Fighting
 * Level 4.5 Short Blades
 - Level 1.7 Throwing
 + Level 2.7 Armour
 * Level 3.9 Dodging
 + Level 3.0 Stealth


You had 6 spell levels left.
You didn't know any spells.
Your spell library was empty.

Dungeon Overview and Level Annotations

Branches:
Dungeon (5/15)
 Temple: D:4-7

Altars:
Fedhas
Okawaru
Trog
Uskayaw
Wu Jian
Zin
The Shining One


Innate Abilities, Weirdness & Mutations

You are resistant to torment.
Your stone body is resilient. (AC +4)
You are immune to poison.
You resist negative energy. (rN+)
You are resistant to electric shocks. (rElec)
You can survive without breathing.
You are immune to petrification.
You are immune to rotting.


Message History

The centaur is lightly wounded.
The centaur hits you!
* * * LOW HITPOINT WARNING * * *
The iguana bites you but does no damage.
You puncture the centaur!
The centaur looks as sick as possible!
The centaur is severely wounded.
You kill the iguana!
Your Stealth skill increases to level 3!
The centaur barely misses you.
Unknown command.
You barely miss the centaur.
The centaur is severely wounded.
You are near starving!
The centaur hits you.
* * * LOW HITPOINT WARNING * * *
Unknown command.
It was a potion of flight.
You feel very buoyant.
You fly up into the air.
The centaur hits you.
You die...

######..##
#.<.......
##########.........
...................
...................
........(.........#
.......(...........
>......c..........#
###.?..†@.........#
##..............
#..............#
(...............
###.######.####.
... .# ## .# .#


You could see a centaur.

Vanquished Creatures
  Grinder (D:4)
  A big kobold (Sewer)
  An iguana (D:5)
  A worker ant (D:4)
  Robin (D:4)
  2 river rats (D:3)
  6 adders
  An ooze (D:4)
  An adder skeleton (D:4)
  A worm (D:2)
  4 dart slugs
  A leopard gecko (D:2)
  3 orcs (D:3)
  3 ball pythons
  3 giant cockroaches
  7 hobgoblins
  2 jackals (Sewer)
  4 quokkas
  3 bats
  2 frilled lizards
  16 goblins
  2 jackal skeletons (D:4)
  15 kobolds
  A leopard gecko skeleton (D:4)
  A quokka skeleton (D:4)
  14 rats
97 creatures vanquished.

Vanquished Creatures (others)
  A goblin (D:4)
1 creature vanquished.

Grand Total: 98 creatures vanquished

Notes
Turn   | Place    | Note
-------+----------+-------------------------------------------
     0 | D:1      | Borgoz the Gargoyle Gladiator began the quest for the Orb.
     0 | D:1      | Reached XP level 1. HP: 12/12 MP: 1/1
   451 | D:1      | Reached XP level 2. HP: 18/18 MP: 2/2
   835 | D:2      | Reached skill level 3 in Short Blades
   835 | D:2      | Reached skill level 1 in Stealth
   845 | D:1      | Reached XP level 3. HP: 4/22 MP: 3/3
  1125 | D:2      | Reached skill level 1 in Armour
  1297 | D:2      | Reached XP level 4. HP: 21/27 MP: 4/4
  2129 | D:3      | Found an iron altar of Okawaru.
  2369 | D:3      | Found a glowing drain.
  2557 | D:3      | Reached XP level 5. HP: 32/32 MP: 5/5
  2685 | Sewer    | Entered a sewer
  2742 | Sewer    | Noticed a big kobold
  2754 | Sewer    | Killed a big kobold
  2790 | Sewer    | Found a white marble altar of Elyvilon.
  3039 | D:4      | Reached XP level 6. HP: 37/37 MP: 6/6
  3246 | D:4      | Found an ornate altar of the Wu Jian Council.
  3248 | D:4      | Found a blossoming altar of Fedhas.
  3248 | D:4      | Found a hide-covered altar of Uskayaw.
  3252 | D:4      | Reached skill level 4 in Short Blades
  3257 | D:4      | Found a glowing golden altar of the Shining One.
  3260 | D:4      | Found a bloodstained altar of Trog.
  3260 | D:4      | Found a glowing silver altar of Zin.
  3273 | D:4      | Noticed Robin
  3291 | D:4      | Killed Robin
  3552 | D:4      | Noticed Grinder
  3563 | D:4      | Killed Grinder
  3563 | D:4      | Reached XP level 7. HP: 18/41 MP: 7/7
  3892 | D:5      | Entered Level 5 of the Dungeon
  3916 | D:5      | HP: 2/42 [centaur (5)]
  3917 | D:5      | Slain by a centaur

Skill      XL: |  1  2  3  4  5  6  7 |
---------------+----------------------+-----
Short Blades   | 3 4 |  4.5
Stealth        | 1 2 3 |  3.0
Armour         | 1 2 |  2.7
Dodging        | 3 |  3.9
Fighting       | 3 |  3.7
Throwing       | |  1.7

Action                   |  1- 3 |  4- 6 |  7- 9 || total
-------------------------+-------+-------+-------++-------
Melee: Dagger            |    60 |   169 |    17 ||   246
       Rapier            |     6 |       |       ||     6
Throw: Throwing net      |       |     1 |       ||     1
  Use: Potion            |       |       |     1 ||     1
 Stab: Sleeping          |       |     6 |       ||     6
       Held in net/web   |       |     1 |       ||     1
  Eat: Chunk             |     1 |     7 |       ||     8
Armor: Leather armour    |    16 |    54 |     9 ||    79
Dodge: Dodged            |    35 |   100 |    16 ||   151
